 Dungeon Crawl Stone Soup version 0.31-a0-839-g762be4b (webtiles) character file.

Game seed: 4163981104192141056

7723 BarneyGumball the Destroyer (level 11, -8/77 HPs)
             Began as an Octopode Earth Elementalist on Sept 26, 2023.
             Was an Initiate of Gozag.
             Mangled by a blink frog (9 damage)
             ... on level 1 of the Lair of Beasts.
             The game lasted 00:36:44 (13082 turns).

BarneyGumball the Destroyer (OpEE)                 Turns: 13082, Time: 00:36:44

Health: -8/77      AC:  1    Str:  7    XL:     11   Next: 19%
Magic:  2/17       EV: 16    Int: 21    God:    Gozag
Gold:   432        SH:  0    Dex: 14    Spells: 8/18 levels left

rFire   . . .        B - +2 dagger (venom)
rCold   . . .        (no shield)
rNeg    . . .        (helmet restricted)
rPois   .            q - amulet of the acrobat
rElec   .            r - ring of wizardry
rCorr   .            (no ring)
SInv    .            (no ring)
Will    .....        (no ring)
Stlth   ++++         (no ring)
HPRegen 0.32/turn    (no ring)
MPRegen 0.15/turn    (no ring)
                     (no ring)

%: acrobat, wizardry (x1)
@: brilliant, gold aura
A: almost no armour, amphibious, 8 rings, camouflage 1, gelatinous body 1,
nimble swimmer 1, tentacles
a: Renounce Religion, Potion Petition, Call Merchant, Bribe Branch


You were on level 1 of the Lair of Beasts.
You worshipped Gozag.
Gozag was aware of your devotion.
You visited 2 branches of the dungeon, and saw 11 of its levels.
You also visited: Ossuary.

You collected 1537 gold pieces.
You spent 304 gold pieces at shops.
You paid 801 gold pieces to Gozag.

Inventory:

Hand Weapons
 B - a +2 dagger of venom (weapon)
Missiles
 G - 2 curare-tipped darts
Armour
 C - a +0 buckler
Magical Staves
 l - a staff of death
 D - a staff of fire
Jewellery
 q - an amulet of the acrobat (around mantle)
 r - a ring of wizardry (left tentacle)
Wands
 t - a wand of mindburst (17)
Scrolls
 d - a scroll of torment {unknown}
 e - a scroll of fog {unknown}
 f - 3 scrolls of enchant armour
 h - a scroll of silence {unknown}
 i - 2 scrolls of brand weapon
 m - a scroll of fear {unknown}
 p - a scroll of vulnerability {unknown}
 s - a scroll of immolation {unknown}
 u - a scroll of acquirement {unknown}
 v - 5 scrolls of teleportation
 y - a scroll of poison
 E - a scroll of revelation
Potions
 a - 2 potions of magic
 b - 4 potions of lignification
 g - 2 potions of ambrosia
 j - 3 potions of mutation
 k - a potion of haste
 n - 3 potions of attraction
 o - 5 potions of curing
 z - a potion of resistance {unknown}
 A - 2 potions of cancellation
 F - a potion of berserk rage {unknown}


   Skills:
 - Level 8.0 Fighting
 - Level 8.0 Dodging
 - Level 2.6 Stealth
 - Level 4.0 Shields
 - Level 4.0 Spellcasting
 + Level 8.4 Conjurations
 + Level 2.6 Hexes
 - Level 1.0 Transmutations
 - Level 7.0 Earth Magic
 - Level 4.0 Evocations


You had 8 spell levels left.
You knew the following spells:

 Your Spells              Type           Power      Damage    Failure   Level
a - Sandblast             Erth           100%       2d20      1%          1
b - Passwall              Tmut/Erth      25%        N/A       1%          2
c - Stone Arrow           Conj/Erth      100%       3d13      1%          3
d - Fulminant Prism       Conj/Hex       20%        3d12      4%          4

Your spell library contained the following spells:

 Spells                   Type           Power      Damage    Failure   Level
 Magic Dart               Conj           100%       1d8       1%          1
 Shock                    Conj/Air       100%       1d9       1%          1
 Searing Ray              Conj           100%       2d8       1%          2
 Brom's Barrelling Bould  Conj/Erth      53%        2d7       1%          4
 Ensorcelled Hibernation  Hex/Ice        28%        N/A       4%          2
 Petrify                  Tmut/Erth      31%        N/A       9%          4
 Swiftness                Air            6%         N/A       14%         3
 Airstrike                Air            3%         2d(1-17)  41%         4


Dungeon Overview and Level Annotations

Branches:
Dungeon (10/15)            Temple (0/1) D:5            Lair (1/5) D:9
Ossuary (visited)
    Orc: D:9-12

Altars:
Cheibriados
Dithmenos
Elyvilon
Fedhas
Gozag
Kikubaaqudgha
Okawaru
Sif Muna
Trog
Uskayaw
Xom

Shops:
D:3 (   D:8 *   D:9 =

Annotations:
D:7 3 runed translucent doors, exclusions: 3 doors and 2 killer bees, PiratePeteNZ's ghost, novice DEHu
D:8 1 runed translucent door, exclusion: door, NobodyHome's ghost, novice TrSh
D:9 3 runed translucent doors, exclusions: 3 doors, slime creature and steam dragon, Gastronok; steven32's ghost, journeyman MfIE


Innate Abilities, Weirdness & Mutations

You cannot wear most types of armour.
You are amphibious.
You can wear up to eight rings at the same time.
Your skin changes colour to match your surroundings (Stealth+).
Your rubbery body absorbs attacks. (AC +1, EV +1)
You are camouflaged when in or above water. (Stealth+)
You have tentacles for arms and can constrict up to eight enemies at once.


Message History

The blink frog is almost dead.
The blink frog hits you but does no damage.
You hear a loud, deep croak!
You closely miss the blink frog. Your grab misses the blink frog.
Your squeeze misses the blink frog.
The blink frog is almost dead.
The blink frog completely misses you.
A cane toad comes into view.
You barely miss the blink frog. Your grab misses the blink frog.
The blink frog is almost dead.
The blink frog hits you!!
* * * LOW HITPOINT WARNING * * *
Casting: Fulminant Prism (dangerous; 4% risk of failure)
Confirm with . or Enter, or press ? or * to list all spells.
Aiming: Stone Arrow (safe; 1% risk of failure)
Press: ? - help, Shift-Dir - straight line, f - blink frog
Aim: a blink frog (water, almost dead, 54% to hit)
The stone arrow misses the blink frog.
The blink frog is no longer distracted by gold.
The blink frog hits you!
* * * LOW HITPOINT WARNING * * *
The blink frog hits the plant!
The plant begins to die.
The blink frog barely misses you.
You barely miss the blink frog. Your grab misses the blink frog.
The blink frog is almost dead.
The blink frog blinks!
Okay, then.
It was a potion of brilliance.
You feel clever all of a sudden. The cane toad closely misses you.
The blink frog blinks!
Casting: Stone Arrow (safe; 1% risk of failure)
Confirm with . or Enter, or press ? or * to list all spells.
Okay, then.
You feel better. The cane toad stings you.
* * * LOW HITPOINT WARNING * * *
The blink frog completely misses you. The cane toad stings you.
* * * LOW HITPOINT WARNING * * *
The blink frog hits you!
You die...
Your body crumbles into a pile of gold.

♣♣♣♣♣♣ ♣♣P~P~♣♣
♣~h≈≈~P♣♣♣
♣♣~≈$≈≈≈≈~♣♣ ####
♣~≈≈@F≈≈≈≈~♣
#.#P#♣♣~~≈FF≈≈≈≈~♣
....♣~~≈≈≈≈≈≈≈~~♣
#...♣~~~~≈≈≈~~P~♣
#....~~~~~~≈~~~~.
#.
#....~~~P~P~~~~~.
##..
#....$P~~~~~~P~~.
P...
#....~P~~P~~~P~~.
...
#....§P~~~.~~~~


You could see a cane toad, 2 blink frogs and a wolf.

Vanquished Creatures
  A komodo dragon (Lair:1)
  Prince Ribbit (D:6)
  3 blink frogs
  5 slime creatures (D:9)
  A shadow (D:9)
  10 yaks
  A wraith (Ossuary)
  2 wyverns (D:9)
  3 basilisks
  3 steam dragons
  7 water moccasins
  An orc warrior (D:8)
  2 ice beasts
  2 centaurs
  An ogre (D:5)
  A phantom (D:7)
  4 bullfrogs
  2 scorpions
  5 wights
  8 electric eels
  2 hounds
  4 jellies
  4 orc priests
  A gnoll bouda (D:9)
  3 orc wizards
  7 iguanas
  A mummy (Ossuary)
  4 gnolls (D:9)
  4 adders
  A white imp (D:7)
  2 worms (D:2)
  5 dart slugs
  31 orcs
  A bat (D:1)
  7 endoplasms
  9 giant cockroaches
  A gnoll zombie (D:4)
  6 goblins
  7 hobgoblins
  4 jackals (D:1)
  4 quokkas
  7 ball pythons
  2 frilled lizards
  5 gnoll skeletons (Ossuary)
  4 kobolds
  3 kobold skeletons (Ossuary)
  17 orc skeletons (Ossuary)
  6 rats
  A rat zombie (D:4)
216 creatures vanquished.

Vanquished Creatures (others)
  4 fulminant prisms (Lair:1)
4 creatures vanquished.

Grand Total: 220 creatures vanquished

Notes
Turn   | Place    | Note
-------+----------+-------------------------------------------
     0 | D:1      | BarneyGumball the Octopode Earth Elementalist began the
                  | quest for the Orb.
     0 | D:1      | Reached XP level 1. HP: 11/11 MP: 3/3
     1 | D:1      | Found a runed translucent door.
   195 | D:1      | Reached skill level 1 in Conjurations
   195 | D:1      | Reached XP level 2. HP: 17/17 MP: 0/5
   974 | D:2      | Reached XP level 3. HP: 21/21 MP: 4/6
  1297 | D:2      | Learned a level 3 spell: Stone Arrow
  1300 | D:2      | Learned a level 2 spell: Passwall
  1434 | D:2      | Reached XP level 4. HP: 27/27 MP: 3/7
  1949 | D:3      | Found Oshis's Weapon Boutique.
  2394 | D:4      | Found a snail-covered altar of Cheibriados.
  2418 | D:4      | Found a sand-covered staircase.
  2463 | D:4      | Found a shimmering altar of Xom.
  2463 | D:4      | Found a shadowy altar of Dithmenos.
  2477 | Ossuary  | Entered an ossuary
  2477 | Ossuary  | Noticed a wraith
  2477 | Ossuary  | Noticed a wraith
  2477 | Ossuary  | Noticed a wraith
  2601 | Ossuary  | Reached XP level 5. HP: 31/31 MP: 0/8
  2927 | Ossuary  | Noticed a wraith
  2945 | Ossuary  | Killed a wraith
  2946 | Ossuary  | Reached skill level 5 in Earth Magic
  2946 | Ossuary  | Reached XP level 6. HP: 36/36 MP: 2/9
  3314 | D:4      | Found an ancient bone altar of Kikubaaqudgha.
  3416 | D:4      | Found an iron altar of Okawaru.
  3419 | D:4      | Found an opulent altar of Gozag.
  3419 | D:4      | Found a shimmering blue altar of Sif Muna.
  3421 | D:4      | Found a bloodstained altar of Trog.
  3426 | D:4      | Found a blossoming altar of Fedhas.
  3435 | D:4      | Became a worshipper of Gozag Ym Sagoz the Greedy
  3701 | D:5      | Entered Level 5 of the Dungeon
  3961 | D:5      | Reached XP level 7. HP: 42/42 MP: 7/10
  4017 | D:5      | Reached skill level 1 in Fighting
  4018 | D:5      | Identified the +6 scale mail of Uxocaph {-Tele Rampage
                  | Regen+}
  4483 | D:5      | Found a staircase to the Ecumenical Temple.
  4771 | D:6      | Found a white marble altar of Elyvilon.
  5156 | D:6      | Noticed Prince Ribbit
  5162 | D:6      | Killed Prince Ribbit
  5163 | D:6      | Reached XP level 8. HP: 39/54 MP: 1/11
  5723 | D:7      | Reached skill level 5 in Dodging
  5808 | D:7      | Found a runed translucent gate.
  5808 | D:7      | Found a runed translucent gate.
  5808 | D:7      | Found a runed translucent gate.
  5810 | D:7      | Found an opulent altar of Gozag.
  5810 | D:7      | Noticed a boulder beetle
  5814 | D:7      | Noticed PiratePeteNZ's ghost (novice DEHu)
  6075 | D:7      | Reached skill level 5 in Fighting
  6578 | D:7      | Found a hide-covered altar of Uskayaw.
  6847 | D:7      | Reached skill level 1 in Evocations
  6847 | D:7      | Reached XP level 9. HP: 62/62 MP: 2/12
  7027 | D:7      | Reached skill level 5 in Conjurations
  7668 | D:8      | Noticed NobodyHome's ghost (novice TrSh)
  7702 | D:8      | Found a runed translucent door.
  8869 | D:8      | Found Jysseull's Assorted Antiques.
  8878 | D:8      | Bought a potion of magic for 144 gold pieces
  8878 | D:8      | Bought a scroll of teleportation for 54 gold pieces
  8878 | D:8      | Bought a scroll of identify for 36 gold pieces
  8878 | D:8      | Bought a scroll labelled DIMNAXUSYU for 18 gold pieces
  8878 | D:8      | Bought a bubbling brown potion for 16 gold pieces
  8878 | D:8      | Bought a scroll of identify for 36 gold pieces
  9025 | D:9      | Noticed Gastronok
  9115 | D:9      | Reached skill level 1 in Shields
  9519 | D:8      | Reached XP level 10. HP: 56/69 MP: 3/16
  9680 | D:9      | Found a staircase to the Lair.
  9984 | D:9      | Found a runed translucent gate.
  9985 | D:9      | Found a runed translucent gate.
  9986 | D:9      | Found a runed translucent gate.
  9987 | D:9      | Noticed steven32's ghost (journeyman MfIE)
 12378 | D:10     | Entered Level 10 of the Dungeon
 12391 | D:10     | Noticed a boulder beetle
 12417 | D:10     | Reached XP level 11. HP: 77/77 MP: 13/17
 12714 | D:9      | Learned a level 4 spell: Fulminant Prism
 12754 | Lair:1   | Entered Level 1 of the Lair of Beasts
 12857 | D:9      | Reached skill level 1 in Hexes
 13079 | Lair:1   | HP: 2/77 [blink frog (9)]
 13082 | Lair:1   | Mangled by a blink frog

Illustrated notes

Levels and vault maps discovered:
D:1:      dpeg_arrival_caged_fury, layout_basic
D:2:      layout_basic, minmay_misc_feat_hallway
D:3:      layout_loops_ring, serial_shops, shop_fountains,
          guppyfry_early_lair_pool
D:4:      layout_basic, nicolae_overflow_hallway_of_the_gods, marbit_many_paths,
          slow_altar_2, enter_ossuary_3
D:5:      layout_loops_ring, minmay_temple_entry_drinking_statues
D:6:      layout_basic, lemuel_round_altar, dk_noncrumbling_4,
          lightli_orcish_oven, uniq_prince_ribbit1
D:7:      layout_loops_cross, old_standard_altar, ebering_ghost_gozag
D:8:      layout_basic, hellmonk_ghost_happy_afterlife, serial_shops, shop,
          serial_bayou_lake_a
D:9:      layout_cave_pods, minmay_lair_entry_grove, ebering_ghost_rock_garden,
          chequers_serial_rivers_small_b, uniq_gastronok
D:10:     layout_roguey, kennysheep_mini_moat, bloody_makhleb
Lair:1:   layout_regular_city, nicolae_volcano_entry_vermiform, tgw_fedhas,
          lemuel_fruit_tree, serial_bayou_shore_a, grunt_megastairs_3,
          lemuel_fruit_fields, uniq_grum, uniq_harold, uniq_maggie

Skill      XL: |  1  2  3  4  5  6  7  8  9 10 11 |
---------------+----------------------------------+-----
Conjurations   | 1 2 3 4 5 7 8 |  8.4
Earth Magic    | 4 5 7 |  7.0
Fighting       | 3 6 8 |  8.0
Dodging        | 4 6 8 |  8.0
Evocations     | 1 4 |  4.0
Spellcasting   | 4 |  4.0
Shields        | 2 4 |  4.0
Hexes          | 2 |  2.6
Stealth        | |  2.6
Transmutations | |  1.0

Action                     |  1- 3 |  4- 6 |  7- 9 | 10-12 || total
---------------------------+-------+-------+-------+-------++-------
  Melee: Unarmed           |     7 |       |       |       ||     7
         Tentacles         |     4 |     4 |    12 |    21 ||    41
         Constrict         |     3 |     2 |    14 |    17 ||    36
         Dagger            |       |     8 |    34 |    67 ||   109
         Punch             |       |       |     2 |       ||     2
   Cast: Sandblast         |    43 |    77 |    45 |    28 ||   193
         Stone Arrow       |       |    11 |    89 |    80 ||   180
         Fulminant Prism   |       |       |       |     4 ||     4
 Invoke: Call Merchant     |       |       |       |     1 ||     1
    Use: Scroll            |       |       |    13 |     5 ||    18
         Potion            |       |       |     1 |     5 ||     6
   Stab: Sleeping          |       |       |       |     1 ||     1
 Armour: Skin              |     4 |     3 |    40 |    66 ||   113
  Dodge: Dodged            |     4 |     7 |    35 |    86 ||   132

Table legend: (Time is in decaauts)
 A = Elapsed time spent in this place.
 B = Non-inter-level travel time spent in this place.
 C = Inter-level travel time spent in this place.
 D = Time resting spent in this place.
 E = Time spent auto-exploring this place.
 F = Levels seen in this place.
 G = Mean time per level.
                   A        B        C        D        E       F      G
               +--------+--------+--------+--------+--------+-----+--------+
         Total |  13177 |  12265 |    912 |   2876 |   7205 |  12 | 1098.1 |
       Dungeon |  12529 |  11617 |    912 |   2558 |   7177 |  10 | 1252.9 |
          Lair |    126 |    126 |      0 |     28 |     28 |   1 |  126.0 |
       Ossuary |    520 |    520 |      0 |    290 |      0 |   1 |  520.0 |
               +--------+--------+--------+--------+--------+-----+--------+

Top non-repeatable levels by time:
     D:9: 2881 daAuts
     D:8: 2493 daAuts
     D:7: 1479 daAuts
     D:6: 1160 daAuts
     D:5: 1104 daAuts
     D:1: 957 daAuts
     D:4: 955 daAuts
     D:3: 746 daAuts
     D:2: 702 daAuts
 Ossuary: 520 daAuts
  Lair:1: 126 daAuts
    D:10: 47 daAuts
